 Dungeon Crawl Stone Soup version 0.21.1-1-g345015f (webtiles) character file.

695 Grib the Sneak (level 7, -7/35 HPs)
             Began as a Vine Stalker Enchanter on June 4, 2018.
             Mangled by HelloWorld's ghost (14 damage)
             ... on level 4 of the Dungeon.
             The game lasted 01:41:57 (6775 turns).

Grib the Sneak (Vine Stalker Enchanter)             Turns: 6775, Time: 01:42:27

Health: -7/35      AC:  8    Str: 11    XL:     7   Next: 64%
Magic:  0/14       EV:  9    Int: 17    God:
Gold:   274        SH:  0    Dex: 14    Spells: 2/14 levels left

rFire    . . .     SeeInvis .   s - +1 dagger (protect)
rCold    . . .     Gourm    .   (no shield)
rNeg     . . .     Faith    .   v - +0 scale mail
rPois    .         Spirit   +   t - +0 helmet
rElec    .         Reflect  .   (no cloak)
rCorr    .         Harm     .   (no gloves)
MR       .....                  f - +0 pair of boots
Stlth    +.........             (no amulet)
HPRegen  0.51/turn              m - ring of wizardry
MPRegen  0.14/turn              (no ring)

@: no status effects
A: fangs 2, regeneration 1, magic shield, antimagic bite, no potion heal 3, rot
immunity
a: no special abilities


You were on level 4 of the Dungeon.
You were hungry.

You visited 1 branch of the dungeon, and saw 5 of its levels.

You collected 274 gold pieces.

Inventory:

Hand Weapons
 s - a +1 dagger of protection (weapon)
 x - a +0 short sword
Armour
 f - a +0 pair of boots (worn)
 t - a +0 helmet (worn)
 v - a +0 scale mail (worn)
 z - a +2 robe of fire resistance
Jewellery
 m - a ring of wizardry (left hand)
Wands
 y - a wand of disintegration (10)
Scrolls
 a - a scroll of amnesia
 h - 3 scrolls of identify
 k - a scroll of magic mapping {unknown}
 l - a scroll of remove curse
 o - a scroll of enchant weapon
 A - a scroll of enchant armour {unknown}
Potions
 b - a potion of lignification {unknown}
 e - a potion of magic {unknown}
 i - a potion of flight {unknown}
 j - a potion of heal wounds {unknown}
 n - a potion of invisibility {unknown}
 q - a potion of curing
 r - a potion of cancellation {unknown}
 u - a potion of resistance {unknown}
 w - a potion of might {unknown}
Books
 c - a book of Maledictions

   Spells                             Type                      Level
   a - Corona                         Hexes                        1
   b - Ensorcelled Hibernation        Hexes/Ice                    2
   c - Confuse                        Hexes                        3
   d - Tukima's Dance                 Hexes                        3
   e - Dazzling Spray                 Conjuration/Hexes            3
Comestibles
 d - 6 rations


   Skills:
 + Level 2.0 Fighting
 + Level 2.3 Short Blades
 + Level 1.6 Armour
 + Level 2.7 Dodging
 + Level 4.7 Stealth
 * Level 4.0 Spellcasting
 + Level 1.7 Conjurations
 * Level 4.5 Hexes
 + Level 1.8 Ice Magic


You had 2 spell levels left.
You knew the following spells:

 Your Spells              Type           Power        Failure   Level  Hunger
a - Corona                Hex            ###....      6%          1    None
b - Ensorcelled Hibernat  Hex/Ice        ##....       16%         2    ##.....
c - Dazzling Spray        Conj/Hex       ##....       28%         3    ###....
d - Confuse               Hex            ###.....     16%         3    ###....
e - Tukima's Dance        Hex            ###.....     16%         3    ###....


Dungeon Overview and Level Annotations

Branches:
Dungeon (5/15)
 Temple: D:4-7

Altars:
Ashenzari
Makhleb
Xom
The Shining One

Annotations:
D:4 HelloWorld's ghost, amateur TrBe
D:5 diana's ghost, novice DgGl


Innate Abilities, Weirdness & Mutations

You have extremely sharp teeth.
Your natural rate of healing is unusually fast.
When hurt, damage is shared between your health and your magic reserves.
Your bite disrupts and absorbs the magic of your enemies.
Potions cannot restore your health.
You are immune to rotting.


Message History

The centaur wields an uncursed shortbow.
The centaur shoots an arrow.
The arrow barely misses you.
You see here 4 arrows.
The centaur shoots an arrow.
The arrow hits you!
* * * LOW HITPOINT WARNING * * *
You see here an arrow.
Casting: Dazzling Spray
Confirm with . or Enter, or press ? or * to list all spells.
Okay, then.
As you read the scroll of fear, it crumbles to dust.
You assume a fearsome visage.
The centaur looks frightened!
Diana's ghost is unaffected.
There is a stone staircase leading up, spattered with blood here.
Diana's ghost hits you but does no damage.
You climb upwards.
Level annotation: HelloWorld's ghost, amateur TrBe HelloWorld's ghost turns its malevolent gaze towards you.
HelloWorld's ghost yells, "Who would have thought, even in death it is a pleasure to sever!"
HelloWorld's ghost hits you!
You die...

#####.#.# #######
#.#.# ......#
#...#
......#########..#
......##.....##..#
......##.###.##..#
......##.# #.##..#
......##.# #.##.W#
......##.# #....@#
(.....##'#########
.................#
#####............#
#####............#
.......<.........#
.....##..#########
.....##........#
.....##.######.#


You could see HelloWorld's ghost.

Vanquished Creatures
  An ogre (D:4)
  The ghost of MordorOrchid the Firebug, a weakling DrFE of Jiyva (D:3)
  2 jellies (D:1)
  A hound (D:4)
  A centaur skeleton (D:4)
  2 orc priests
  2 orc wizards
  Ijyb (D:4)
  An iguana (D:4)
  A worker ant (D:4)
  A hound skeleton (D:5)
  Robin (D:2)
  10 adders
  2 oozes (D:1)
  2 dart slugs
  3 worms
  5 leopard geckos
  17 orcs
  9 giant cockroaches
  18 goblins
  5 hobgoblins
  6 jackals (D:1)
  5 quokkas
  8 bats
  3 frilled lizards
  6 kobolds
  9 rats
123 creatures vanquished.

Vanquished Creatures (others)
  A bat (D:2)
1 creature vanquished.

Grand Total: 124 creatures vanquished

Notes
Turn   | Place    | Note
-------+----------+-------------------------------------------
     0 | D:1      | Grib the Vine Stalker Enchanter began the quest for the Orb.
     0 | D:1      | Reached XP level 1. HP: 9/9 MP: 4/4
     0 | D:1      | Noticed a jelly
     2 | D:1      | Found a runed door.
     3 | D:1      | Noticed a jelly
   182 | D:1      | Reached skill level 1 in Short Blades
   182 | D:1      | Reached XP level 2. HP: 2/13 MP: 0/6
   486 | D:1      | Learned a level 2 spell: Ensorcelled Hibernation
  1110 | D:1      | Reached XP level 3. HP: 17/17 MP: 7/7
  1587 | D:1      | Learned a level 3 spell: Dazzling Spray
  1819 | D:1      | Gained mutation: Your natural rate of healing is unusually fast. [Vine Stalker growth]
  1819 | D:1      | Reached XP level 4. HP: 9/21 MP: 4/9
  2015 | D:1      | Reached skill level 1 in Fighting
  2030 | D:2      | Reached XP level 5. HP: 25/25 MP: 7/10
  2109 | D:2      | Reached skill level 1 in Armour
  2810 | D:2      | Found a glowing golden altar of the Shining One.
  2960 | D:2      | Noticed Robin
  3027 | D:2      | Reached skill level 1 in Ice Magic
  3063 | D:2      | Killed Robin
  3063 | D:2      | Reached XP level 6. HP: 19/30 MP: 4/11
  3166 | D:2      | Learned a level 3 spell: Confuse
  3457 | D:3      | Noticed MordorOrchid's ghost (weakling DrFE)
  3475 | D:3      | Killed MordorOrchid's ghost
  3475 | D:3      | Reached skill level 1 in Conjurations
  3575 | D:3      | Found a shattered altar of Ashenzari.
  4459 | D:4      | Noticed HelloWorld's ghost (amateur TrBe)
  4788 | D:4      | Noticed Ijyb
  4808 | D:4      | Killed Ijyb
  5113 | D:3      | Learned a level 3 spell: Tukima's Dance
  5444 | D:3      | Reached XP level 7. HP: 31/34 MP: 5/13
  5710 | D:5      | Entered Level 5 of the Dungeon
  5859 | D:5      | Noticed diana's ghost (novice DgGl)
  6186 | D:5      | Found a shimmering altar of Xom.
  6685 | D:5      | Found a burning altar of Makhleb.
  6775 | D:4      | Mangled by HelloWorld's ghost

Skill      XL: |  1  2  3  4  5  6  7 |
---------------+----------------------+-----
Short Blades   | 1 2 |  2.3
Dodging        | 2 |  2.7
Stealth        | 4 |  4.7
Fighting       | 1 2 |  2.0
Spellcasting   | 3 4 |  4.0
Armour         | 1 |  1.6
Ice Magic      | 1 |  1.8
Conjurations   | 1 |  1.7
Hexes          | 4 |  4.5

Action                   |  1- 3 |  4- 6 |  7- 9 || total
-------------------------+-------+-------+-------++-------
Melee: Dagger            |    93 |   258 |    98 ||   449
       Bite              |    22 |    67 |    19 ||   108
 Cast: Corona            |     9 |     9 |     7 ||    25
       Ensorcelled Hiber |    12 |    16 |    13 ||    41
       Dazzling Spray    |       |    15 |     7 ||    22
       Confuse           |       |    14 |     9 ||    23
  Use: Scroll            |       |     4 |     3 ||     7
 Stab: Sleeping          |    11 |    17 |     4 ||    32
       Invisible         |       |     1 |     1 ||     2
       Confused          |       |     7 |       ||     7
  Eat: Chunk             |     3 |    14 |     4 ||    21
       Ration            |       |     1 |       ||     1
Armor: Robe              |    20 |    29 |       ||    49
       Plate armour      |     1 |       |       ||     1
       Leather armour    |       |    14 |       ||    14
       Ring mail         |       |     4 |    18 ||    22
       Scale mail        |       |       |    29 ||    29
Dodge: Dodged            |    45 |   136 |    46 ||   227
